 Dungeon Crawl Stone Soup version 0.30-a0-956-gcec3b41aec (webtiles) character file.

Game seed: 6331954930487592736

34647 retardedninja the Protected (level 13, 0/120 HPs)
             Began as an Armataur Fighter on Mar 29, 2023.
             Was an Initiate of Gozag.
             Slain by a hornet (2 damage)
             ... while petrified by a basilisk
             ... on level 5 of the Lair of Beasts.
             The game lasted 00:25:20 (20484 turns).

retardedninja the Protected (Armataur Fighter)     Turns: 20484, Time: 00:25:20

Health: 0/120      AC: 30    Str: 31    XL:     13   Next: 43%
Magic:  13/13      EV:  1    Int:  9    God:    Gozag
Gold:   2674       SH:  0    Dex: 11    Spells: 12/12 levels left

rFire   . . .      SeeInvis .    H - +2 war axe (flame)
rCold   . . .      Faith    .    c - +0 buckler
rNeg    + + +      Spirit   .    J - +3 plate armour {rPois}
rPois   ∞          Reflect  +    s - +0 helmet
rElec   .          Roll     +    w - +0 cloak
rCorr   .                        m - +0 pair of gloves
Will    .....                    r - +2 barding Stlth
                                 e - amulet of reflection
HPRegen 0.40/turn                z - +6 ring of strength
MPRegen 0.13/turn                L - +4 ring of slaying

@: petrified
A: large, rugged brown scales 3, deformed body, armoured tail, roll, long
tongue, awkward tongue
a: Renounce Religion, Potion Petition, Call Merchant, Bribe Branch


You were on level 5 of the Lair of Beasts.
You worshipped Gozag.
Gozag was most pleased with you.
You visited 3 branches of the dungeon, and saw 17 of its levels.

You collected 3597 gold pieces.
You spent 815 gold pieces at shops.
You paid 108 gold pieces to Gozag.

Inventory:

Hand Weapons
 H - a +2 war axe of flaming (weapon)
Missiles
 f - 6 javelins (quivered)
Armour
 c - a +0 buckler (worn)
 m - a +0 pair of gloves (worn)
 r - a +2 barding (worn)
 s - a +0 helmet (worn)
 w - a +0 cloak (worn)
 J - a +3 plate armour of poison resistance (worn)
Jewellery
 e - an amulet of reflection (around neck)
 z - a +6 ring of strength (left hand)
 L - a +4 ring of slaying (right hand)
Wands
 k - a wand of charming (8)
 n - a wand of quicksilver (10)
 G - a wand of digging (6)
 M - a wand of iceblast (12)
 T - a wand of mindburst (10)
Scrolls
 a - 3 scrolls of immolation
 b - 3 scrolls of identify
 g - a scroll of amnesia
 j - 3 scrolls of magic mapping
 l - 2 scrolls of poison
 t - a scroll of torment
 y - 6 scrolls of teleportation
 P - a scroll of fog
Potions
 d - 2 potions of might
 h - 4 potions of ambrosia
 o - a potion of resistance
 p - 10 potions of curing
 q - a potion of heal wounds
 u - 5 potions of haste
 v - a potion of cancellation
 A - a potion of mutation
 C - 2 potions of attraction
 F - 2 potions of magic
 K - a potion of brilliance


   Skills:
 + Level 10.2 Fighting
 * Level 12.5 Axes
 + Level 13.0 Armour
 + Level 12.0 Shields


You had 12 spell levels left.
You didn't know any spells.
Your spell library contained the following spells:

 Spells                   Type           Power      Damage    Failure   Level
 Beastly Appendage        Tmut           0%         N/A       95%         1
 Necrotise                Necr           0%         1d4       95%         1
 Sandblast                Erth           0%         2d4       95%         1
 Passwall                 Tmut/Erth      0%         N/A       99%         2
 Scorch                   Fire           0%         2d5       99%         2
 Sublimation of Blood     Necr           0%         N/A       99%         2
 Wereblood                Tmut           0%         N/A       99%         2
 Spider Form              Tmut/Pois      0%         N/A       100%        3
 Stone Arrow              Conj/Erth      0%         3d7       100%        3
 Swiftness                Air            0%         N/A       100%        3
 Vampiric Draining        Necr           0%         2d6       100%        3
 Cause Fear               Hex            0%         N/A       100%        4
 Sticky Flame             Conj/Fire      0%         2d3       100%        4
 Agony                    Necr           0%         N/A       100%        5
 Plasma Beam              Fire/Air       0%         2x1d7     100%        5
 Dragon Form              Tmut           0%         N/A       100%        7
 Summon Hydra             Summ           0%         N/A       100%        7
 Dragon's Call            Summ           0%         N/A       100%        9


Dungeon Overview and Level Annotations

Branches:
Dungeon (11/15)            Temple (1/1) D:6            Lair (5/5) D:10
 Shoals (0/4) Lair:2       Spider (0/4) Lair:3          Orc (0/2) D:10
  Slime: Lair:4-5

Altars:
Ashenzari
Cheibriados
Dithmenos
Elyvilon
Fedhas
Gozag
Hepliaklqana
Kikubaaqudgha
Makhleb
Nemelex Xobeh
Okawaru
Qazlal
Ru
Sif Muna
Trog
Uskayaw
Vehumet
Wu Jian
Xom
Yredelemnul
Zin
The Shining One

Shops:
D:5 *   D:6 (   D:9 *[

Annotations:
D:6 1 runed translucent door, Crazy Yiuf
D:7 exclusion: oklob plant
Lair:5 Josephine


Innate Abilities, Weirdness & Mutations

You are completely covered in rugged brown scales. (AC +3, +7% HP)
Armour fits poorly on your strangely shaped body.
You have a long armoured tail.
You roll when moving toward enemies. (Rampage)
Your long tongue fully drains potion bottles. (2x potion effects)
Your tongue gives you trouble enunciating. (1.5x scroll delay)


Message History

You hold your ground!
The elephant trunk-slaps you but does no damage.
The hornet stings you but does no damage. x2
The komodo dragon bites you but does no damage.
A wraith comes into view.
The death yak gores you but does no damage.
The elephant tramples you!
* * * LOW HITPOINT WARNING * * *
You hold your ground!
The elephant trunk-slaps you but does no damage.
The basilisk bites you but does no damage.
A wraith comes into view.
The hornet stings you but does no damage.
The elephant tramples you!
* * * LOW HITPOINT WARNING * * *
You hold your ground!
The elephant trunk-slaps you.
* * * LOW HITPOINT WARNING * * *
The hornet stings you but does no damage.
The komodo dragon bites you but does no damage.
The hornet stings you but does no damage. x2
The death yak gores you but does no damage.
The basilisk gazes at you.
You easily resist.
The elephant tramples you but does no damage.
The elephant trunk-slaps you but does no damage.
The elephant tramples you but does no damage.
The elephant trunk-slaps you but does no damage.
Josephine the Decaying Necromancer comes into view.
She is wielding a +0 great sword.
The hornet stings you but does no damage. x2
The komodo dragon bites you but does no damage.
The death yak gores you but does no damage.
The elephant tramples you but does no damage.
The elephant trunk-slaps you but does no damage.
The basilisk gazes at you.
You easily resist.
The elephant tramples you but does no damage.
The elephant trunk-slaps you but does no damage.
The hornet stings you.
You die...
Your body crumbles into a pile of gold.

### ######..######
##PP#...#.#.P.##..
..................
......Y...........
......Y.Y.........
.....yy@ll........
....WDlYYY........ $
.....SYYYY.$......
.......FY..........
........Y..Y.......
....W.............
.W...~..~.~.....~..
#~@~#~~##~~##~~#~~..
#~~~#~~##..##~~~#~..


You could see 4 death yaks, a skyshark, a seven-headed hydra, Josephine, 5
elephants, a komodo dragon, 4 yaks, a cane toad, a basilisk, 2 hornets, 3
wraiths and a water moccasin.

Vanquished Creatures
  Gastronok (Lair:3)
  2 hydras
  A merfolk avatar (Lair:5)
  2 alligators (Lair:4)
  A boulder beetle (D:9)
  A two-headed ogre (D:10)
  6 death yaks (Lair:4)
  Nergalle (D:10)
  A skyshark (Lair:3)
  A swamp dragon (Lair:4)
  A lindwurm (Lair:5)
  A manticore (Lair:5)
  A cyclops (D:11)
  7 elephants
  A black mamba (Lair:3)
  A torpor snail (Lair:4)
  A kobold demonologist (D:10)
  3 rime drakes
  6 cane toads
  An unseen horror (D:11)
  6 komodo dragons
  A troll (D:9)
  7 polar bears
  2 hornets
  2 snapping turtles (Lair:5)
  Prince Ribbit (D:7)
  11 wyverns
  3 wraiths
  19 yaks
  3 redbacks (Lair:3)
  4 vampire mosquitoes
  2 swamp worms (Lair:4)
  2 acid dragons (D:11)
  4 water moccasins
  3 orc warriors
  2 swamp drakes (Lair:4)
  A sky beast (D:7)
  An ice beast (D:6)
  3 black bears
  12 wolves
  An ogre (D:5)
  8 centaurs
  20 kobold brigands
  8 bullfrogs
  4 scorpions
  9 killer bees
  An electric eel (Lair:4)
  4 howler monkeys
  2 hounds
  7 jellies (D:7)
  8 orc priests
  An iguana (D:4)
  7 orc wizards
  A sleepcap (D:6)
  4 hell rats (Lair:3)
  8 gnolls
  4 adders
  2 white imps
  2 ufetubi
  3 dart slugs
  47 orcs
  11 ball pythons
  24 endoplasms
  2 giant cockroaches
  11 goblins
  9 hobgoblins
  9 jackals
  A quokka (D:2)
  3 bats
  4 frilled lizards
  20 kobolds
  10 rats
384 creatures vanquished.

Vanquished Creatures (others)
  A goliath frog (Lair:4)
  A kobold (D:10)
  39 fungi
  45 plants
86 creatures vanquished.

Grand Total: 470 creatures vanquished

Notes
Turn   | Place    | Note
-------+----------+-------------------------------------------
     0 | D:1      | retardedninja the Armataur Fighter began the quest for the
                  | Orb.
     0 | D:1      | Reached XP level 1. HP: 19/19 MP: 1/1
   172 | D:1      | Found a faded altar of an unknown god.
   177 | D:1      | Reached XP level 2. HP: 26/26 MP: 2/2
   218 | D:1      | Reached skill level 4 in Armour
   271 | D:1      | Reached XP level 3. HP: 28/33 MP: 3/3
  1016 | D:2      | Reached XP level 4. HP: 38/40 MP: 4/4
  1810 | D:3      | Reached XP level 5. HP: 27/48 MP: 5/5
  2738 | D:4      | Reached XP level 6. HP: 46/50 MP: 6/6
  2849 | D:4      | Reached skill level 5 in Armour
  3793 | D:4      | Reached XP level 7. HP: 59/63 MP: 7/7
  3994 | D:5      | Entered Level 5 of the Dungeon
  4270 | D:5      | Reached skill level 5 in Shields
  4270 | D:5      | Found Wytrie's Neck Hole.
  4311 | D:5      | Bought a +0 cloak for 58 gold pieces
  4395 | D:5      | Found a white marble altar of Elyvilon.
  4414 | D:5      | Found a glowing silver altar of Zin.
  5108 | D:6      | Reached skill level 6 in Armour
  5247 | D:6      | Found a staircase to the Ecumenical Temple.
  5258 | D:6      | Reached XP level 8. HP: 37/71 MP: 8/8
  5260 | D:6      | Reached skill level 5 in Axes
  5291 | Temple   | Entered the Ecumenical Temple
  5852 | Temple   | Became a worshipper of Gozag Ym Sagoz the Greedy
  6187 | D:6      | Reached skill level 5 in Fighting
  6322 | D:6      | Found a runed translucent door.
  6323 | D:6      | Noticed Crazy Yiuf
  6415 | D:6      | Found Seezieff's Weapon Shoppe.
  6423 | D:6      | Bought a +0 war axe of flaming for 107 gold pieces
  6591 | D:7      | Noticed an oklob plant
  6607 | D:7      | Reached skill level 7 in Armour
  6843 | D:7      | Found a sparkling altar of Nemelex Xobeh.
  6902 | D:7      | Noticed Prince Ribbit
  6920 | D:7      | Killed Prince Ribbit
  6921 | D:7      | Reached XP level 9. HP: 44/79 MP: 9/9
  8599 | D:8      | Reached skill level 8 in Armour
  9246 | D:9      | Found Nigegg's Antique Armour Boutique.
  9257 | D:9      | Found Mytov's Assorted Antiques.
  9309 | D:9      | Found a hazy altar of Hepliaklqana.
  9347 | D:9      | Found an ancient bone altar of Kikubaaqudgha.
  9727 | D:9      | Bought a runed plate armour for 650 gold pieces
  9844 | D:9      | Noticed a troll
  9859 | D:9      | Killed a troll
  9998 | D:9      | Reached XP level 10. HP: 89/89 MP: 10/10
 10032 | D:9      | Reached skill level 9 in Armour
 10352 | D:9      | Noticed a boulder beetle
 10375 | D:9      | Killed a boulder beetle
 10469 | D:10     | Entered Level 10 of the Dungeon
 10557 | D:10     | Found a staircase to the Lair.
 10807 | D:10     | Reached XP level 11. HP: 91/98 MP: 11/11
 10883 | D:10     | Noticed a two-headed ogre
 10890 | D:10     | Killed a two-headed ogre
 10891 | D:10     | Reached skill level 10 in Armour
 10900 | D:10     | Found a staircase to the Orcish Mines.
 11471 | D:11     | Noticed Nergalle
 11498 | D:10     | Killed Nergalle
 12611 | D:11     | Identified the +9 dagger "Enaelauf" {pain, rF+ rC- Str+3
                  | Stlth+}
 13379 | D:11     | Got the Disquisition on Aerial Ignition
 13442 | Lair:1   | Entered Level 1 of the Lair of Beasts
 13760 | Lair:1   | Reached skill level 10 in Axes
 14349 | Lair:2   | Reached skill level 10 in Shields
 14824 | Lair:2   | Reached skill level 11 in Armour
 14995 | Lair:2   | Found a staircase to the Shoals.
 15127 | Lair:2   | Reached XP level 12. HP: 63/110 MP: 12/12
 16055 | Lair:3   | Noticed Gastronok
 16078 | Lair:3   | Killed Gastronok
 16587 | Lair:3   | Identified the +2 quarterstaff "Lusa" {heavy, Int+2 Stlth+}
 16777 | Lair:3   | Found a hole to the Spider Nest.
 17264 | Lair:4   | Noticed an alligator
 17288 | Lair:4   | Killed an alligator
 17764 | Lair:4   | Noticed a six-headed hydra
 17764 | Lair:4   | Noticed an alligator
 17775 | Lair:4   | Killed a four-headed hydra
 17775 | Lair:4   | Killed an alligator
 17776 | Lair:4   | Reached skill level 12 in Armour
 18463 | Lair:4   | Identified the +0 robe of Tocosouj {Dex+3}
 18478 | Lair:4   | Noticed a death yak
 18478 | Lair:4   | Noticed a death yak
 18488 | Lair:4   | Killed a death yak
 18496 | Lair:4   | Killed a death yak
 19083 | Lair:5   | Entered Level 5 of the Lair of Beasts
 19098 | Lair:5   | Noticed a death yak
 19098 | Lair:5   | Noticed a death yak
 19099 | Lair:5   | Noticed a death yak
 19103 | Lair:5   | Reached XP level 13. HP: 84/119 MP: 13/13
 19944 | Lair:5   | Reached skill level 10 in Fighting
 20338 | Lair:5   | Identified the +1 trident "Riceyc" {antimagic, rPois Str+4}
 20350 | Lair:5   | Reached skill level 13 in Armour
 20481 | Lair:5   | HP: 2/120 [elephant (6)]
 20483 | Lair:5   | Noticed Josephine
 20484 | Lair:5   | Slain by a hornet

Illustrated notes

Levels and vault maps discovered:
D:1:      nicolae_arrival_washed_ashore, layout_loops_ring,
          shapermc_ecumenical_altar_totnotflames, minmay_shallow_snake_nest
D:2:      wad_pebble_path, layout_basic
D:3:      layout_loops_ring
D:4:      layout_loops_corners
D:5:      layout_basic, grunt_temple_overflow_open,
          nicolae_shop_sticking_my_neck_out
D:6:      layout_basic, minmay_temple_entry_glass, nicolae_stop_n_shop_1,
          nicolae_kite_square_tiling_tiny, uniq_crazy_yiuf_cottage
D:7:      lemuel_slime, layout_gridville, overflow_temple_1_default,
          uniq_prince_ribbit1
D:8:      layout_gridville
D:9:      layout_rooms, kennysheep_mini, nicolae_kikubaaqudgha_miasma_corner,
          serial_shops, nicolae_shop_temple_entry_statues_fountains, shop
D:10:     layout_roguey [special_room_kobold], lair_entry_dummy,
          hiddenorc1_lemuel, serial_glass, glass_columns_a, glass_columns_a
D:11:     layout_grid_maze, chequers_serial_rivers_marsh, minivault_21,
          uniq_nergalle
Temple:   nicolae_temple_bog_church
Lair:1:   layout_loops_ring, cheibrodos_lair_lostbears,
          infiniplex_staircase_pool_2
Lair:2:   layout_gridlike, minmay_shoals_entry_centaurs, grunt_megastairs_1
Lair:3:   layout_roguey, spider_nest_entry_webs, uniq_gastronok
Lair:4:   onia_ninara_swampy_vault, layout_loops_ring, beast_lair_carwin_7,
          serial_bayou_shore_a
Lair:5:   gammafunk_lair_ancient_temple, layout_regular_city, slime_entry_2,
          uniq_josephine

Skill      XL: |  1  2  3  4  5  6  7  8  9 10 11 12 13 |
---------------+----------------------------------------+-----
Fighting       | 3 4 5 6 7 8 9 10 | 10.2
Axes           | 2 3 4 6 7 9 10 12 | 12.5
Armour         | 4 5 6 7 8 9 11 12 13 | 13.0
Shields        | 4 5 6 7 9 10 11 12 | 12.0

Action                     |  1- 3 |  4- 6 |  7- 9 | 10-12 | 13-15 || total
---------------------------+-------+-------+-------+-------+-------++-------
  Melee: War axe           |   105 |   136 |   295 |   620 |   104 ||  1260
         Tailslap          |    10 |    15 |    33 |   107 |    24 ||   189
  Throw: Javelin           |       |       |    25 |       |       ||    25
  Evoke: Wand              |       |     6 |     2 |     1 |       ||     9
    Use: Scroll            |       |       |    17 |    13 |     2 ||    32
         Potion            |       |       |     2 |     4 |     3 ||     9
   Stab: Distracted        |       |       |     1 |     1 |       ||     2
         Invisible         |       |       |       |     2 |       ||     2
         Fleeing           |       |       |       |       |     1 ||     1
 Armour: Scale mail        |    60 |    65 |   214 |       |       ||   339
         Plate armour      |       |       |    13 |   492 |   224 ||   729
  Dodge: Dodged            |    35 |    34 |    61 |    87 |    26 ||   243
  Block: Buckler           |    13 |    51 |   195 |   361 |    90 ||   710
         Reflection        |       |       |     2 |    12 |       ||    14

Table legend: (Time is in decaauts)
 A = Elapsed time spent in this place.
 B = Non-inter-level travel time spent in this place.
 C = Inter-level travel time spent in this place.
 D = Time resting spent in this place.
 E = Time spent auto-exploring this place.
 F = Levels seen in this place.
 G = Mean time per level.
                   A        B        C        D        E       F      G
               +--------+--------+--------+--------+--------+-----+--------+
         Total |  20706 |  20008 |    698 |   6198 |  10767 |  17 | 1218.0 |
       Dungeon |  13079 |  12577 |    502 |   3011 |   7523 |  11 | 1189.0 |
        Temple |    579 |    544 |     35 |    356 |    173 |   1 |  579.0 |
          Lair |   7046 |   6886 |    160 |   2831 |   3071 |   5 | 1409.2 |
               +--------+--------+--------+--------+--------+-----+--------+

Top non-repeatable levels by time:
  Lair:4: 2649 daAuts
     D:7: 2104 daAuts
    D:11: 1736 daAuts
     D:4: 1575 daAuts
  Lair:2: 1350 daAuts
  Lair:3: 1257 daAuts
    D:10: 1254 daAuts
     D:9: 1248 daAuts
  Lair:1: 1182 daAuts
     D:3: 992 daAuts
     D:2: 975 daAuts
     D:6: 861 daAuts
     D:1: 811 daAuts
     D:5: 781 daAuts
     D:8: 737 daAuts
